Map: Snowy Mesa

Players

Quetalol - Winner!

  • Race: Terran Terran
  • Spawn Location: 6:00

Amix - Winner!

  • Race: Zerg Zerg
  • Spawn Location: 6:00

A.I. 2 (Medium)

  • Race: Protoss Protoss
  • Spawn Location: 12:00

A.I. 3 (Very Hard)

  • Race: Terran Terran
  • Spawn Location: 12:00

VOD

Have the link to the VOD?

Description

Time

  • Played on: Nov. 26, 2016, 5:16 a.m.
  • Length: 13:48
Show
View Real Time Build Order
Export as new Build Order

Quetalol Terran - Winner!

Build Orders: MMM Bio 

Get SALT Encoding   

  12  0:10  SCV  
  13  0:23  SCV  
  13  0:26  Supply Depot  
  14  0:35  SCV  
  15  0:47  Refinery, SCV  
  15  0:49  Refinery  
  16  0:54  Barracks  
  16  1:00  SCV  
  17  1:14  SCV  
  18  1:26  SCV  
  19  1:38  SCV  
  20  1:43  Marine  
  20  1:45  Engineering Bay  
  21  1:50  SCV  
  22  2:01  Marine  
  23  2:11  Supply Depot  
  23  2:20  Barracks Tech Lab  
  23  2:33  SCV  
  23  2:37  Factory  
  24  2:39  Marine  
  24  2:42  Combat Shields  
  25  2:45  SCV  
  26  2:57  Marine, SCV  
  28  3:07  Bunker  
  28  3:15  Marine, Terran Infantry Weapons Level 1  
  29  3:26  Widow Mine  
  31  3:44  Starport  
  31  4:01  Stimpack  
  31  4:02  Command Center  
  31  4:20  Factory Tech Lab  
  31  4:24  Supply Depot  
  31  4:33  Starport Tech Lab  
  31  4:45  Marine  
  31  4:49  Supply Depot  
  32  4:54  Medivac  
  34  5:03  Marine  
  35  5:09  Terran Infantry Armor Level 1  
  35  5:12  Supply Depot  
  35  5:21  Marine  
  35  5:24  Medivac  
  35  5:26  Refinery  
  38  5:39  Marine, Supply Depot  
  39  5:52  Refinery  
  39  5:56  Marine  
  40  6:02  Concussive Shells  
  40  6:03  Armory  
  40  6:23  SCV  
  41  6:35  SCV  
  42  6:45  Orbital Command  
  42  6:48  SCV  
  43  6:56  Command Center  
  43  7:00  SCV  
  44  7:03  Building Armor  
  44  7:12  SCV  
  45  7:24  Orbital Command  
  45  7:59  Refinery  
  45  8:00  Refinery  
  45  8:17  SCV  
  46  8:29  SCV  
  47  8:41  SCV  
  48  8:53  SCV  
  49  9:05  SCV  
  45  9:19  Marine  
  45  9:21  Medivac  
  48  9:25  Supply Depot  
  48  9:30  Terran Infantry Armor Level 2  
  48  9:33  Terran Vehicle Weapons Level 1  
  48  9:37  Marine  
  49  9:46  SCV  
  49  9:50  Supply Depot  
  49  9:51  Medivac  
  52  9:55  Marine  
  52  9:58  SCV  
  54  10:10  SCV  
  54  10:13  Marine  
  56  10:19  Cyclone  
  59  10:21  Medivac  
  59  10:22  SCV  
  62  10:31  Marine  
  62  10:34  SCV, Supply Depot  
  64  10:47  Orbital Command  
  64  10:51  Viking, Cyclone  
  64  10:56  Fusion Core  
  69  11:21  Viking  
  69  11:23  Cyclone  
  74  11:27  Terran Vehicle And Ship Armor Level 1  
  74  11:31  Marine  
  75  11:49  Marine  
  75  11:51  Viking  
  78  11:55  Cyclone  
  78  12:01  Mag-Field Launchers  
  81  12:07  Marine  
  82  12:21  Viking  
  83  12:25  Marine  
  83  12:27  Cyclone  
  84  12:43  Marine  
  85  13:05  Marine  
  86  13:07  Cyclone  
  89  13:23  Marine, Supply Depot  
Show
View Real Time Build Order
Export as new Build Order

Amix Zerg - Winner!

Build Orders: Hatch First 

Get SALT Encoding   

  12  0:01  Drone  
  13  0:18  Drone  
  13  0:21  Overlord  
  14  0:28  Drone, Extractor  
  15  0:39  Drone  
  15  0:41  Drone  
  17  1:00  Hatchery  
  16  1:07  Drone, Extractor  
  16  1:12  Drone  
  17  1:21  Spawning Pool  
  17  1:23  Drone  
  17  1:35  Drone  
  18  1:44  Drone  
  19  1:55  Drone  
  20  2:06  Drone  
  20  2:08  Metabolic Boost  
  21  2:11  Queen  
  21  2:12  Queen  
  21  2:13  Overlord  
  25  2:19  Drone  
  26  2:23  Drone  
  26  2:27  Drone  
  28  2:34  Drone  
  29  2:38  Drone  
  30  2:47  Queen x2  
  34  2:54  Drone  
  34  2:56  Drone  
  34  2:58  Overlord  
  36  3:08  Drone, Extractor  
  36  3:10  Drone, Extractor  
  38  3:16  Drone x2  
  38  3:18  Drone  
  38  3:19  Drone  
  43  3:20  Drone  
  43  3:22  Drone  
  44  3:27  Roach Warren  
  44  3:29  Evolution Chamber  
  44  3:31  Evolution Chamber  
  44  3:33  Drone, Extractor x2  
  40  3:36  Drone  
  41  3:47  Drone x3  
  44  3:49  Overlord  
  44  3:57  Overlord  
  44  4:09  Zerg Missile Weapons Level 1  
  44  4:10  Zerg Ground Armor Level 1  
  44  4:12  Lair  
  44  4:23  Roach  
  44  4:24  Roach x2  
  50  4:27  Zergling x8  
  50  4:31  Drone x3  
  57  4:42  Roach  
  59  4:46  Overlord x3  
  59  4:48  Drone  
  60  5:10  Roach x2  
  60  5:11  Roach x6  
  76  5:14  Ravager x2  
  76  5:18  Drone  
  79  5:29  Drone x5  
  79  5:30  Extractor  
  81  6:20  Drone x2  
  81  6:21  Overlord x5  
  81  6:22  Overlord x2  
  81  6:24  Zerg Missile Weapons Level 2  
  83  6:25  Extractor  
  83  6:26  Hatchery  
  83  6:27  Zerg Ground Armor Level 2  
  83  6:29  Extractor  
  83  6:32  Infestation Pit  
  79  6:55  Drone x5  
  79  6:56  Drone  
  85  7:05  Roach x2  
  85  7:06  Roach x4  
  97  7:09  Hive  
  97  7:10  Glial Reconstitution  
  97  7:27  Roach x4  
  105  7:31  Ravager x4  
  105  7:35  Drone  
  105  7:36  Drone x7  
  117  7:56  Roach x2  
  121  8:10  Roach x7  
  121  8:11  Roach x4  
  143  8:20  Drone x2  
  143  8:24  Hydralisk Den  
  143  8:25  Hydralisk Den  
  143  8:40  Overseer  
  143  8:44  Drone x2  
  143  8:47  Overlord x5  
  143  8:48  Overlord  
  145  8:50  Overseer x3  
  145  8:53  Zerg Missile Weapons Level 3  
  145  8:54  Zerg Ground Armor Level 3  
  110  9:15  Hydralisk  
  110  9:16  Hydralisk x7  
  122  9:18  Zergling x4  
  122  9:22  Overlord  
  124  9:40  Grooved Spines, Muscular Augments  
  124  9:55  Hydralisk  
  124  9:56  Hydralisk x7  
  140  11:02  Hydralisk x4  
  140  11:03  Hydralisk x5  
  156  11:20  Ravager x3  
  156  11:21  Ravager x4  
  156  11:22  Ravager x5  
  156  11:24  Roach x3  
  152  12:04  Overlord x2  
  152  12:05  Overlord x7  
  152  12:22  Roach x3  
Show
View Real Time Build Order
Export as new Build Order

A.I. 2 (Medium) Protoss 

Build Orders:  

Get SALT Encoding   

  12  0:01  Probe (Chrono Boost)  
  13  0:11  Probe (Chrono Boost)  
  14  0:20  Pylon  
  14  0:22  Probe (Chrono Boost)  
  15  0:38  Probe (Chrono Boost)  
  16  0:47  Assimilator  
  16  0:49  Probe (Chrono Boost)  
  17  0:50  Gateway  
  17  0:59  Pylon  
  17  1:00  Probe (Chrono Boost)  
  18  1:28  Gateway  
  18  1:32  Assimilator  
  18  1:35  Zealot  
  20  1:41  Cybernetics Core  
  20  2:00  Zealot  
  20  2:05  Pylon  
  22  2:10  Warp Gate  
  22  2:15  Stalker  
  24  2:32  Stalker  
  24  2:35  Probe (Chrono Boost)  
  27  2:47  Probe (Chrono Boost)  
  27  2:48  Stalker  
  30  2:56  Pylon  
  31  2:59  Probe (Chrono Boost)  
  31  3:03  Stalker  
  33  3:08  Forge  
  33  3:11  Probe (Chrono Boost)  
  34  3:22  Probe (Chrono Boost)  
  35  3:33  Probe (Chrono Boost)  
  36  5:06  Probe (Chrono Boost)  
  36  5:30  Sentry  
  36  5:32  Probe (Chrono Boost)  
  39  5:37  Pylon  
  39  5:39  Photon Cannon  
  39  5:40  Photon Cannon  
  39  5:43  Robotics Facility, Adept  
  39  5:46  Nexus, Stargate  
  41  5:51  Twilight Council  
  41  5:56  Sentry, Gateway  
  44  5:57  Probe (Chrono Boost)  
  44  6:00  Forge  
  44  6:03  Pylon  
  44  6:09  Sentry  
  34  6:22  Adept  
  36  6:32  Observer  
  36  6:35  Zealot  
  38  6:48  Zealot  
  38  6:51  Observer  
  41  6:59  Probe (Chrono Boost)  
  41  7:01  Stalker  
  45  7:02  Probe (Chrono Boost)  
  45  7:10  Probe (Chrono Boost)  
  45  7:13  Stalker, Probe (Chrono Boost)  
  45  7:15  Assimilator  
  49  7:17  Pylon  
  49  7:21  Probe (Chrono Boost)  
  50  7:24  Probe (Chrono Boost)  
  50  7:25  Pylon  
  50  7:26  Stalker  
  53  7:32  Probe (Chrono Boost)  
  53  7:35  Probe (Chrono Boost)  
  55  7:39  Stalker  
  58  7:44  Probe (Chrono Boost)  
  58  7:46  Probe (Chrono Boost), Photon Cannon  
  59  7:51  Photon Cannon  
  59  7:55  Probe (Chrono Boost)  
  59  7:57  Probe (Chrono Boost)  
  62  8:06  Probe (Chrono Boost)  
  62  8:08  Probe (Chrono Boost)  
  63  8:16  Probe (Chrono Boost)  
  63  8:18  Probe (Chrono Boost)  
  66  8:27  Probe (Chrono Boost)  
  66  8:29  Probe (Chrono Boost)  
  67  8:37  Probe (Chrono Boost)  
  68  8:56  Assimilator  
  68  9:18  Probe (Chrono Boost)  
  68  9:21  Probe (Chrono Boost)  
  70  9:50  Protoss Ground Weapons Level 1  
  70  9:54  Protoss Ground Armor Level 1  
  70  9:55  Warp Prism  
  72  10:03  Gateway  
  72  10:04  Nexus  
  72  10:07  Templar Archives  
  72  10:13  Robotics Facility  
  72  10:16  Stargate  
  72  10:21  Robotics Bay  
  72  10:22  Dark Shrine  
  72  10:30  Observer  
  73  10:41  Fleet Beacon  
  73  10:44  High Templar  
  73  10:49  Warp Prism  
  75  10:58  High Templar  
  77  11:05  Observer Gravitic Boosters  
  77  11:10  Immortal  
  82  11:18  Probe (Chrono Boost)  
  82  11:20  Probe (Chrono Boost)  
  82  11:22  Assimilator  
  82  11:24  Probe (Chrono Boost), Pylon  
  82  11:25  Pylon  
  84  11:26  Assimilator  
  84  11:29  Probe (Chrono Boost)  
  84  11:31  Zealot  
  84  11:32  Probe (Chrono Boost)  
  84  11:36  Probe (Chrono Boost)  
  84  11:38  Stalker  
  73  11:41  Probe (Chrono Boost)  
  73  11:43  Void Ray  
  73  11:44  Probe (Chrono Boost)  
  73  11:48  Probe (Chrono Boost)  
  73  11:49  Observer  
  73  11:53  Probe (Chrono Boost), Immortal  
  73  11:56  Photon Cannon, Probe (Chrono Boost)  
  73  11:59  Photon Cannon  
  73  12:00  Stalker, Gravitic Drive  
  68  12:05  Probe (Chrono Boost)  
  68  12:07  Stalker, Probe (Chrono Boost)  
  60  12:15  Zealot  
  61  12:16  Probe (Chrono Boost)  
  61  12:19  Probe (Chrono Boost)  
  61  12:21  Void Ray  
  65  12:27  Immortal  
  65  12:28  Probe (Chrono Boost)  
  70  12:30  Probe (Chrono Boost)  
  70  12:37  Stalker  
  68  12:40  Probe (Chrono Boost)  
  68  12:42  Void Ray  
  57  12:51  Stalker, Probe (Chrono Boost)  
  55  13:05  Probe (Chrono Boost), High Templar  
  37  13:18  High Templar  
  38  13:25  Probe (Chrono Boost), Archon  
  38  13:32  High Templar  
  27  13:36  Probe (Chrono Boost)  
  19  13:41  Stalker  
Show
View Real Time Build Order
Export as new Build Order

A.I. 3 (Very Hard) Terran 

Build Orders: MMM Bio 

Get SALT Encoding   

  12  0:01  SCV  
  13  0:13  SCV  
  14  0:19  Supply Depot  
  14  0:25  SCV  
  15  0:29  Refinery  
  15  0:41  SCV  
  16  0:47  Barracks  
  16  0:53  SCV  
  17  1:05  SCV  
  18  1:17  SCV  
  19  1:36  Marine, Supply Depot, Orbital Command  
  19  1:39  Factory  
  20  1:49  Barracks  
  20  1:54  Marine  
  21  2:02  SCV  
  21  2:05  Refinery  
  22  2:12  Marine  
  22  2:14  SCV  
  24  2:20  Supply Depot  
  24  2:24  Factory Tech Lab  
  24  2:26  SCV  
  25  2:30  Marine  
  25  2:36  Marine  
  27  2:44  Siege Tank  
  27  2:45  SCV  
  27  2:48  Marine  
  32  2:54  Marine  
  32  2:57  Supply Depot  
  33  2:59  SCV  
  34  3:05  Marine  
  34  3:11  Marine  
  36  3:16  SCV  
  36  3:18  Siege Tank  
  40  3:23  Marine  
  41  3:29  Marine, Supply Depot  
  42  3:46  Barracks Tech Lab, Starport  
  42  3:49  Barracks Tech Lab  
  42  3:50  Siege Tank  
  45  3:55  SCV  
  46  4:12  SCV  
  47  4:20  Supply Depot  
  47  4:21  Stimpack  
  47  4:23  Medivac  
  49  4:43  Marine  
  49  4:45  Marauder  
  52  4:48  Barracks  
  52  4:53  Medivac  
  52  4:57  Supply Depot, Command Center  
  54  5:01  Marauder  
  54  5:05  Marine  
  56  5:21  Combat Shields  
  56  5:22  Marauder  
  56  5:23  Marine  
  59  5:35  Marine  
  60  5:41  Marine  
  61  5:44  Marauder  
  61  5:45  Engineering Bay  
  63  5:54  Barracks Reactor, Supply Depot  
  62  5:59  Marauder  
  64  6:05  Marauder  
  64  6:11  SCV  
  67  6:14  SCV, Terran Infantry Weapons Level 1  
  68  6:21  Marauder  
  68  6:23  SCV  
  71  6:26  Refinery, SCV  
  71  6:27  Marauder  
  74  6:35  SCV  
  74  6:38  SCV  
  76  6:42  Marauder  
  76  6:45  Concussive Shells  
  78  6:47  SCV  
  78  6:48  Marauder  
  78  6:51  SCV  
  82  6:59  SCV, Supply Depot  
  83  7:03  SCV  
  83  7:04  Marauder  
  86  7:09  Marauder  
  86  7:11  SCV  
  86  7:15  SCV  
  90  7:22  Engineering Bay  
  90  7:23  SCV  
  90  7:27  SCV  
  90  7:28  Supply Depot  
  92  7:36  SCV  
  93  7:39  SCV  
  94  7:48  SCV, Terran Infantry Armor Level 1  
  95  7:51  SCV  
  95  7:57  Barracks, Starport Reactor  
  96  7:59  Missile Turret  
  96  8:00  SCV  
  96  8:02  Missile Turret  
  96  8:04  Orbital Command  
  97  8:10  Marine  
  97  8:12  Marine, Supply Depot  
  99  8:14  Marine  
  99  8:16  Marine  
  101  8:27  Command Center  
  101  8:33  Medivac  
  103  8:36  Viking  
  105  8:42  Supply Depot  
  105  8:54  Marauder  
  107  8:58  Marauder  
  103  9:03  Viking  
  103  9:06  Medivac  
  103  9:09  Marine x2  
  80  9:10  Marine  
  80  9:16  Marauder  
  75  9:20  Marauder  
  77  9:26  Marine  
  77  9:27  Marine  
  77  9:28  Marine  
  80  9:35  Viking  
  80  9:37  Marine  
  83  9:41  Marauder  
  83  9:43  SCV  
  83  9:44  Marine  
  87  9:45  SCV  
  87  9:47  SCV  
  89  9:55  Marauder, SCV  
  89  9:58  SCV  
  94  10:00  SCV  
  94  10:02  Marauder  
  96  10:07  SCV  
  96  10:10  SCV  
  96  10:12  SCV  
  99  10:15  Marine  
  99  10:16  Marauder  
  99  10:17  Marine  
  99  10:19  Marine  
  99  10:20  SCV  
  100  10:24  Marauder, SCV  
  101  10:32  SCV  
  101  10:33  Marine  
  100  10:35  Marine  
  100  10:36  SCV  
  100  10:38  Marauder  
  104  10:44  SCV  
  104  10:45  Marine  
  104  10:47  Marine  
  104  10:48  SCV  
  108  10:50  Marine  
  108  10:54  Marine  
  108  10:56  SCV, Command Center  
  106  10:59  Marauder  
  106  11:00  SCV  
  106  11:03  Marauder  
  111  11:08  SCV, Supply Depot  
  104  11:12  Marine, SCV  
  104  11:14  Marine  
  104  11:16  Marine  
  106  11:20  SCV  
  106  11:21  Marauder  
  106  11:24  Marine, SCV  
  106  11:25  Siege Tank  
  114  11:32  SCV  
  115  11:36  Supply Depot  
  115  11:41  Marine  
  115  11:42  Marauder x2, Marine  
  115  11:43  Marine  
  82  11:58  SCV  
  82  11:59  Marine  
  82  12:00  Marine, SCV  
  82  12:01  Marine  
  73  12:03  Marine  
  73  12:04  Marauder  
  77  12:10  SCV  
  77  12:15  Hellion  
  80  12:17  Marine  
  80  12:18  Marine  
  80  12:19  Marine  
  80  12:21  Marauder  
  74  12:25  Marauder  
  74  12:27  SCV x2  
  65  12:35  Marine  
  65  12:36  Marine x2, Hellion  
  65  12:43  Marauder  
  66  12:46  Marine  
  67  12:53  Marine x2  
  67  12:56  Marine  
Tags
 
Add a new tag
Caveats
  • Supply blocks, unpowered buildings, or Contaminate may cause inaccurate times.
  • Supply counts are checked every 10 seconds.